 Dungeon Crawl Stone Soup version 0.25-a0-576-g50b708a4c4 (webtiles) character file.

Game seed: 9291828256886791430, levelgen mode: deterministic

11 Flugslaktarn the Shield-Bearer (level 2, 0/27 HPs)
             Began as a Deep Dwarf Fighter on Mar 1, 2020.
             Killed from afar by an orc wizard (3 damage)
             ... with a magic dart
             ... on level 4 of the Dungeon.
             The game lasted 00:00:12 (232 turns).

Flugslaktarn the Shield-Bearer (Deep Dwarf Fighter)  Turns: 232, Time: 00:00:13

Health: 0/27       AC:  6    Str: 19    XL:     2   Next: 17%
Magic:  0/0        EV:  7    Int:  8    God:
Gold:   58         SH:  0    Dex: 12    Spells: 1/1 levels left

rFire    . . .     SeeInvis .   a - +0 war axe
rCold    . . .     Gourm    .   c - +0 kite shield
rNeg     . . .     Faith    .   b - +0 scale mail
rPois    .         Spirit   .   (no helmet)
rElec    .         Reflect  .   (no cloak)
rCorr    .         Harm     .   (no gloves)
MR       .....                  (no boots)
Stlth    ..........             (no amulet)
HPRegen  0.00/turn              (no ring)
MPRegen  0.07/turn              (no ring)

@: confused, non-regenerating
A: damage resistance, heal wounds, sense surroundings 1, no regeneration
a: Heal Wounds


You were on level 4 of the Dungeon.
You were not hungry.

You visited 1 branch of the dungeon, and saw 4 of its levels.

You collected 58 gold pieces.

Inventory:

Hand Weapons
 a - a +0 war axe (weapon)
Armour
 b - a +0 scale mail (worn)
 c - a +0 kite shield (worn)
Jewellery
 h - a cursed ring of teleportation {unknown}
   (You found it on level 3 of the Dungeon)
Scrolls
 g - a scroll of enchant armour {unknown}
Potions
 d - a potion of might
Comestibles
 e - 3 rations
 f - 5 chunks of flesh


   Skills:
 + Level 2.8 Fighting
 * Level 2.6 Axes
 + Level 3.4 Armour
 + Level 3.4 Shields


You had one spell level left.
You didn't know any spells.
Your spell library was empty.

Dungeon Overview and Level Annotations

Branches:
Dungeon (4/15)
 Temple: D:4-7

Altars:

Annotations:
D:4 Menkaure


Innate Abilities, Weirdness & Mutations

You are resistant to damage.
You can heal yourself by infusing magical energy.
You passively map a small area around you.
You do not regenerate.


Message History

Your magical essence is drained by the effort!
You feel much better.
The hound barks!
The orc hits you from afar with a +0 trident.
The orc wizard points at you and mumbles some strange words.
You resist with some effort. The orc hits you with a +0 flail.
You closely miss the orc wizard.
The orc wizard is severely wounded.
You hit the orc but do no damage. You barely miss Menkaure.
You block Menkaure's attack.
The orc wizard points at you and mumbles some strange words.
You are confused.
The orc hits you from afar with a +0 trident.
The orc barely misses you. Menkaure hits you!!
Ouch! That really hurt!
* * * LOW HITPOINT WARNING * * *
The hound stops to sniff the ground.
The orc wizard points at you and mumbles some strange words.
The magic dart hits you.
You die...

* ........
, ......# ,
* , .
.......
..##..... *
*
........##*
#........#
,,
#......ho##
, #.%oMo# ,
, #..oo@# ,
#..#### ,
#...., * ,
#.... ,**
,......, ,
,....... ,
......., *
#....#. * *


You could see Menkaure, a hound, an orc wizard and 4 orcs.

Vanquished Creatures
  A leopard gecko (D:2)
  3 goblins
  A hobgoblin (D:2)
  5 bats
  A rat (D:1)
11 creatures vanquished.

Notes
Turn   | Place    | Note
-------+----------+-------------------------------------------
     0 | D:1      | Flugslaktarn the Deep Dwarf Fighter began the quest for the
                  | Orb.
     0 | D:1      | Reached XP level 1. HP: 20/20 MP: 1/1
   124 | D:2      | Reached XP level 2. HP: 25/27 MP: 2/2
   219 | D:4      | Noticed Menkaure
   232 | D:4      | Killed from afar by an orc wizard

Levels and vault maps discovered:
D:1:      matt_arrival_grand_opening, layout_basic
D:2:      layout_basic, chequers_garden, minmay_tromino_v4_a
D:3:      layout_basic, first_ration, st_stairs_6, uniq_crazy_yiuf_cottage
D:4:      layout_cave_pools, vehumet_statue, serial_shops,
          nicolae_shop_behind_doors, uniq_menkaure, uniq_ijyb

Action                   || total
-------------------------++-------
Melee: War axe           ||    34
 Abil: Heal Wounds       ||     2
Armor: Scale mail        ||    29
Dodge: Dodged            ||    20
Block: Kite shield       ||    21

Table legend:
 A = Non-vault XP
 B = Vault XP
 C = Vault XP percentage of total XP
 D = Non-vault monster count
 E = Vault monster count
 F = Vault count percentage of total count
                 A         B        C        D         E       F
            +---------+---------+-------+---------+---------+-------
      Total |      17 |       0 |   0.0 |      11 |       0 |   0.0
            +---------+---------+-------+---------+---------+-------
        D:1 |       7 |       0 |   0.0 |       6 |       0 |   0.0
        D:2 |      10 |       0 |   0.0 |       5 |       0 |   0.0
            +---------+---------+-------+---------+---------+-------
